 Dungeon Crawl Stone Soup version 0.24.0-123-gd5b16e6ec5 (webtiles) character file.

Game seed: 514151535668385339, levelgen mode: deterministic

70 Johnny the Poker (level 3, 0/29 HPs)
             Began as a Demigod Gladiator on Jan 22, 2020.
             Slain by Crazy Yiuf
             ... wielding a +2 quarterstaff of chaos
              (10 damage)
             ... on level 2 of the Dungeon.
             The game lasted 00:02:00 (2132 turns).

Johnny the Poker (Demigod Gladiator)                Turns: 2132, Time: 00:02:01

Health: 0/29       AC:  7    Str: 19    XL:     3   Next: 77%
Magic:  5/5        EV: 11    Int: 12    God:
Gold:   73         SH:  0    Dex: 17    Spells: 2/2 levels left

rFire    . . .     SeeInvis .   a - +2 trident
rCold    . . .     Gourm    .   (no shield)
rNeg     . . .     Faith    .   j - +0 scale mail
rPois    .         Spirit   .   c - +0 helmet
rElec    .         Reflect  .   (no cloak)
rCorr    .         Harm     .   (no gloves)
MR       .....                  (no boots)
Stlth    ..........             (no amulet)
HPRegen  0.09/turn              (no ring)
MPRegen  0.09/turn              (no ring)

@: no status effects
A: high mp 1
a: no special abilities


You were on level 2 of the Dungeon.
You were hungry.

You visited 1 branch of the dungeon, and saw 3 of its levels.

You collected 73 gold pieces.

Inventory:

Hand Weapons
 a - a +2 trident (weapon)
Missiles
 d - 3 throwing nets (quivered)
Armour
 c - a +0 helmet (worn)
 j - a +0 scale mail (worn)
Jewellery
 m - an uncursed amulet of harm
Scrolls
 i - a scroll of remove curse
 k - a scroll of teleportation
 l - a scroll of identify
Comestibles
 f - 5 rations


   Skills:
 - Level 1.7 Fighting
 * Level 4.5 Polearms
 - Level 1.7 Throwing
 - Level 2.6 Dodging


You had 2 spell levels left.
You didn't know any spells.
Your spell library was empty.

Dungeon Overview and Level Annotations

Branches:
Dungeon (3/15)

Annotations:
D:2 Crazy Yiuf


Innate Abilities, Weirdness & Mutations

You have an increased reservoir of magic. (+10% MP)


Message History

You are too injured to fight recklessly!
You are too injured to fight recklessly!
You are too injured to fight recklessly!
You are too injured to fight recklessly!
You feel much better.
Crazy Yiuf hits you with a +2 quarterstaff of chaos!
It was a potion of magic.
Magic courses through your body.
Crazy Yiuf hits you with a +2 quarterstaff of chaos!
* * * LOW HITPOINT WARNING * * *
Unknown command.
Crazy Yiuf screams, "Liver return to song arga!"
Crazy Yiuf whimpers, "Mugger Orb Guardian cloud!"
Crazy Yiuf whimpers, "Mugger eyeball head!"
Crazy Yiuf whimpers, "Goldfish ena ragdoll!"
Crazy Yiuf cries, "Dawk fast disdain!"
You see here a +0 dagger.
There is a stone staircase leading up here.
You hit Crazy Yiuf but do no damage.
Crazy Yiuf hits you with a +2 quarterstaff of chaos!
You die...

#....##.#..#
#..............
#..........#
#..............
#.##.##.##.#
#(......######'
####.....#.#
#.......# #.
#.#####.#
#.......# #.
#.......#
###.....# #.
#.#######
#.....######' #.#
#########
#.....##..... #.#
#.....g@#
#.....##.....
#.####.#..####
########.....
#####.........#
#.....
..............#
#.....
#...........###
#.....
#...........#
###.....
#...........#
#.......
#.......(...#
#.......
#...........#
##########.......


You could see Crazy Yiuf.

Vanquished Creatures
  Jessica (D:2)
  A worm (D:2)
  A dart slug (D:2)
  A leopard gecko (D:2)
  2 ball pythons
  2 giant cockroaches (D:2)
  9 goblins
  3 hobgoblins
  6 kobolds
  A quokka (D:2)
  6 bats
  A frilled lizard (D:1)
  2 rats
  A fungus (D:2)
37 creatures vanquished.

Notes
Turn   | Place    | Note
-------+----------+-------------------------------------------
     0 | D:1      | Johnny the Demigod Gladiator began the quest for the Orb.
     0 | D:1      | Reached XP level 1. HP: 17/17 MP: 3/3
    43 | D:1      | Reached skill level 3 in Polearms
   653 | D:1      | Reached XP level 2. HP: 20/24 MP: 4/4
  1339 | D:2      | Reached XP level 3. HP: 29/29 MP: 5/5
  1358 | D:2      | Reached skill level 4 in Polearms
  1449 | D:2      | Noticed Jessica
  1759 | D:2      | Killed Jessica
  2029 | D:2      | Found a runed translucent door.
  2030 | D:2      | Noticed Crazy Yiuf
  2132 | D:2      | Slain by Crazy Yiuf

Levels and vault maps discovered:
D:1:      wander_arrival_lonely_grave, layout_basic
D:2:      layout_basic, uniq_crazy_yiuf_cottage, uniq_jessica
D:3:      gammafunk_steamed_eel, layout_basic, makhleb_grotto_becter,
          old_standard_altar, lemuel_crystal_altar,
          chequers_ecumenical_altar_simple, uniq_terence

Skill      XL: |  1  2  3 |
---------------+----------+-----
Polearms       | 3 4 |  4.5
Fighting       | |  1.7
Throwing       | |  1.7
Dodging        | |  2.6

Action                   || total
-------------------------++-------
Melee: Trident           ||   149
  Use: Scroll            ||     6
       Potion            ||     2
  Eat: Chunk             ||     3
Armor: Leather armour    ||     6
       Scale mail        ||    33
Dodge: Dodged            ||    68
